 Seeded DCSS version 0.30-a0-242-g7bf8e6d787 (webtiles) character file.

Game seed: 11836800648259413034 (custom seed)

3 Hubris850 the Insei (level 1, -1/13 HPs)
             Began as an Octopode Transmuter on Oct 11, 2022.
             Slain by a hobgoblin
             ... wielding a +0 spear
              (9 damage)
             ... on level 1 of the Dungeon.
             The game lasted 00:00:22 (87 turns).

Hubris850 the Insei (Octopode Transmuter)             Turns: 87, Time: 00:00:22

Health: -1/13      AC:  1    Str:  9    XL:     1   Next: 50%
Magic:  3/3        EV: 12    Int: 15    God:
Gold:   7          SH:  3    Dex: 12    Spells: 3/4 levels left

rFire   . . .      SeeInvis .      - Unarmed
rCold   . . .      Faith    .    c - +0 buckler
rNeg    . . .      Spirit   .    (helmet restricted)
rPois   .          Reflect  .    (no amulet)
rElec   .          Harm     .    (no ring)
rCorr   .          Rampage  .    (no ring)
Will    .....                    (no ring)
Stlth   ++........               (no ring)
HPRegen 0.22/turn                (no ring)
MPRegen 0.08/turn                (no ring)
                                 (no ring)
                                 (no ring)

@: no status effects
A: almost no armour, amphibious, 8 rings, camouflage 1, gelatinous body 1,
(nimble swimmer 1), tentacles
a: no special abilities


You were on level 1 of the Dungeon.
You visited 1 branch of the dungeon, and saw 1 of its levels.

You collected 7 gold pieces.

Inventory:

Armour
 c - a +0 buckler (worn)
Potions
 a - a potion of lignification
 b - a potion of flight {unknown}


   Skills:
 - Level 1.0 Fighting
 - Level 2.0 Dodging
 + Level 3.0 Unarmed Combat
 + Level 2.0 Spellcasting
 + Level 2.0 Transmutations


You had 3 spell levels left.
You knew the following spells:

 Your Spells              Type           Power      Damage    Failure   Level
a - Beastly Appendage     Tmut           14%        N/A       13%         1

Your spell library contained the following spells:

 Spells                   Type           Power      Damage    Failure   Level
 Wereblood                Tmut           7%         N/A       19%         2
 Spider Form              Tmut/Pois      4%         N/A       52%         3
 Ice Form                 Ice/Tmut       4%         N/A       89%         4


Dungeon Overview and Level Annotations

Branches:
Dungeon (1/15)

Altars:


Innate Abilities, Weirdness & Mutations

You cannot wear most types of armour.
You are amphibious.
You can wear up to eight rings at the same time.
Your skin changes colour to match your surroundings (Stealth+).
Your rubbery body absorbs attacks. (AC +1, EV +1)
((You are camouflaged when in or above water. (Stealth+)))
You have tentacles for arms and can constrict up to eight enemies at once.


Message History

The bat completely misses you. The bat hits you but does no damage.
You barely miss the bat. You grab the bat.
Your tentacle spike misses the bat.
You constrict the bat, but do no damage.
The bat barely misses you.
The bat escapes!
The bat misses you. The bat hits you. The bat hits you but does no damage.
You closely miss the bat. You grab the bat. You constrict the bat.
The bat closely misses you.
The bat struggles to escape constriction.
The bat escapes!
The bat hits you but does no damage. The bat completely misses you.
You tentacle-slap the bat. Your grab misses the bat.
Your squeeze misses the bat.
The bat is severely wounded.
Your transformation is almost over.
The bat hits you.
You barely miss the bat. Your grab misses the bat.
The bat is severely wounded.
The bat hits you but does no damage.
A bat comes into view.
The bat hits you but does no damage. You block the bat's attack.
You miss the bat. Your grab misses the bat.
The bat is moderately wounded.
The bat hits you but does no damage.
You tentacle-slap the bat.
You kill the bat!
The hobgoblin closely misses you.
You closely miss the bat. You grab the bat.
You pierce the bat.
The bat is moderately wounded.
You constrict the bat. The bat hits you. The bat hits you but does no damage.
The bat barely misses you. The hobgoblin closely misses you.
You barely miss the bat.
You pierce the bat.
You kill the bat!
The hobgoblin hits you from afar with a +0 spear.
Your tentacle spike disappears.
The hobgoblin hits you with a +0 spear!
Ouch! That really hurt!
You die...

#...................
#.#.................
#.
#....#..####..###.
#. ####.#..# ##....
. #......##......
###.#..##..... ..
#..!...#......
#..#.g#.......
....#..@!.#....
.....#.†........
......:..........
............#....
...##...###.... ###
#...# ... #...# .
#####


You could see a hobgoblin.

Vanquished Creatures
  A hobgoblin (D:1)
  2 bats (D:1)
  A frilled lizard (D:1)
4 creatures vanquished.

Notes
Turn   | Place    | Note
-------+----------+-------------------------------------------
     0 | D:1      | Hubris850 the Octopode Transmuter began the quest for the
                  | Orb.
     0 | D:1      | Reached XP level 1. HP: 13/13 MP: 3/3
    87 | D:1      | Slain by a hobgoblin

Illustrated notes

Levels and vault maps discovered:
D:1:      minmay_arrival_nine_rooms, layout_rooms,
          dreamdust_ecumenical_altar_hidden_monk_grotto

Action                   || total
-------------------------++-------
Melee: Unarmed           ||    13
       Constrict         ||     4
       Kick              ||     3
       Tentacles         ||     1
 Cast: Beastly Appendage ||     2
Armor: Skin              ||     8
Dodge: Dodged            ||    10
Block: Buckler           ||     1

Table legend: (Time is in decaauts)
 A = Elapsed time spent in this place.
 B = Non-inter-level travel time spent in this place.
 C = Inter-level travel time spent in this place.
 D = Time resting spent in this place.
 E = Time spent auto-exploring this place.
 F = Levels seen in this place.
 G = Mean time per level.
                   A        B        C        D        E       F      G
               +--------+--------+--------+--------+--------+-----+--------+
         Total |     87 |     87 |      0 |     20 |     27 |   1 |   87.0 |
       Dungeon |     87 |     87 |      0 |     20 |     27 |   1 |   87.0 |
               +--------+--------+--------+--------+--------+-----+--------+

Top non-repeatable levels by time:
     D:1: 87 daAuts
